 Dungeon Crawl Stone Soup version 0.19-a0-1008-g4c63d25 (console) character file.

697 Lasty the Cudgeler (level 7, -6/43 HPs)
             Began as an Octopode Artificer on July 23, 2016.
             Was an Initiate of Sif Muna.
             Mangled by a centaur (10 damage)
             ... on level 5 of the Dungeon.
             The game lasted 00:10:16 (4981 turns).

Lasty the Cudgeler (Octopode Artificer)             Turns: 4981, Time: 00:10:17

Health: -6/43      AC:  1    Str: 11    XL:     7   Next: 65%
Magic:  9/9        EV: 14    Int: 20    God:    Sif Muna [......]
Gold:   330        SH:  0    Dex: 13    Spells: 0 memorised, 6 levels left

rFire  . . .     SeeInvis .     B - +0 flail
rCold  . . .     Gourm    .     (no shield)
rNeg   . . .     Faith    .     (helmet restricted)
rPois  .         Spirit   .     (no amulet)
rElec  .         Dismiss  .     (no ring)
rCorr  .         Reflect  .     (no ring)
SustAt .         Harm     .     (no ring)
MR     .....                    (no ring)
Stlth  +++.......               (no ring)
                                (no ring)
                                (no ring)
                                (no ring)

@: brilliant, not resistant to hostile enchantments, fairly stealthy
A: almost no armour, amphibious, 8 rings, constrict 8, camouflage 1, gelatinous
body 1
a: Renounce Religion


You were on level 5 of the Dungeon.
You worshipped Sif Muna.
Sif Muna was noncommittal.
You were not hungry.

You visited 1 branch of the dungeon, and saw 5 of its levels.

You collected 330 gold pieces.


Innate Abilities, Weirdness & Mutations

You cannot wear most types of armour.
You are amphibious.
You can wear up to eight rings at the same time.
You can use your tentacles to constrict eight enemies at once.
Your skin changes colour to match your surroundings (Stealth+).
Your rubbery body absorbs attacks. (AC +1)


   Skills:
 - Level 1.2 Fighting
 - Level 1.0 Short Blades
 * Level 6.5 Maces & Flails
 + Level 4.9 Dodging
 - Level 1.3 Stealth
 - Level 3.2 Evocations


You had 6 spell levels left.
You didn't know any spells.

Inventory:

Hand Weapons
 a - a +0 mace
 e - a +0 whip
 g - a -3 hunting sling
 i - a +0 short sword
 B - a +0 flail (weapon)
Missiles
 n - 91 stones (quivered)
 C - 19 sling bullets
Armour
 y - a +0 buckler
Magical Staves
 w - an uncursed staff of summoning {unknown}
Wands
 b - a wand of flame (0/48)
 c - a wand of enslavement (15/24)
 d - a wand of random effects (13/48)
Scrolls
 h - 2 scrolls of noise {unknown}
 o - 4 scrolls of teleportation {unknown}
 p - 2 scrolls of recharging {unknown}
 r - 6 scrolls of identify {unknown}
 s - a scroll of enchant armour {unknown}
 x - a scroll of fear {unknown}
 z - a scroll of blinking {unknown}
 A - a scroll of magic mapping {!r}
 D - 2 scrolls of remove curse
Potions
 j - a potion of berserk rage {unknown}
 k - a potion of heal wounds {unknown}
 m - 2 potions of curing
 q - a potion of brilliance {!q}
 t - a potion of haste {unknown}
 u - a potion of might {unknown}
 v - a potion of flight {unknown}
Comestibles
 f - 5 bread rations {!e}
 l - 2 meat rations {!e}
 E - 4 chunks of flesh


Message History

You see here an arrow.
You take 13 damage.
The centaur unwields an uncursed shortbow.
The centaur closely misses you.
Found 23 bolts.
The giant newt hisses angrily.
You hit the centaur but do no damage. The centaur barely misses you.
The quokka skeleton misses you. The centaur barely misses you.
You hit the centaur but do no damage. The centaur closely misses you.
The quokka skeleton bites you.
* * * LOW HITPOINT WARNING * * *
A jackal comes into view.
You take 2 damage.
Unknown command.
The jackal barks!
You hit the centaur.
The centaur is moderately wounded.
The centaur closely misses you.
The quokka skeleton completely misses you.
The centaur hits you.
* * * LOW HITPOINT WARNING * * *
You take 2 damage.
You hit the centaur but do no damage.
The centaur is moderately wounded.
The centaur misses you.
The quokka skeleton completely misses you.
The jackal barely misses you. The centaur hits you!
* * * LOW HITPOINT WARNING * * *
You take 8 damage.
Unknown command.
Unknown command.
It was a potion of curing.
You feel better. The jackal bites you.
* * * LOW HITPOINT WARNING * * *
The centaur completely misses you. The quokka skeleton closely misses you.
A jackal comes into view.
You barely miss the centaur.
The jackal barks!
The centaur is moderately wounded.
The jackal closely misses you. The centaur hits you!
* * * LOW HITPOINT WARNING * * *
The quokka skeleton barely misses you. The jackal bites you.
* * * LOW HITPOINT WARNING * * *
The centaur closely misses you.
You take 12 damage.
Unknown command.
Unknown command.
It was a potion of brilliance.
You feel clever all of a sudden. The centaur hits you!
You die...

.#.. #.?..# ▒≈≈
#..### ≈.. #(.#
.##▒#▒#..#
.......(.#
.........######
..####.(.......
#.(..#####
#.Z@.# #)ch.#
#....h#
...#....
#####.....
#......
▒...#### #.(.#


You could see a centaur, 2 jackals and a quokka skeleton.

Vanquished Creatures
  An ice beast (D:5)
  An ogre (D:4)
  A giant frog (D:4)
  A scorpion (D:4)
  A howler monkey (D:5)
  2 crimson imps (D:5)
  An orc priest (D:5)
  A giant frog skeleton (D:4)
  An orc wizard (D:5)
  3 worker ants
  4 adders
  3 oozes
  3 worms
  A dart slug (D:2)
  2 giant geckos
  9 orcs
  A ball python (D:1)
  3 giant cockroaches
  6 goblins
  10 hobgoblins
  3 jackals (D:4)
  5 kobolds
  2 quokkas
  6 bats
  7 giant newts
  2 jackal skeletons (D:5)
  6 rats
86 creatures vanquished.

Vanquished Creatures (others)
  9 fungi (D:5)
9 creatures vanquished.

Grand Total: 95 creatures vanquished

Notes
Turn   | Place    | Note
-------+----------+-------------------------------------------
     0 | D:1      | Lasty the Octopode Artificer began the quest for the Orb.
     0 | D:1      | Reached XP level 1. HP: 13/13 MP: 3/3
   289 | D:1      | Reached skill level 1 in Maces & Flails
   289 | D:1      | Reached XP level 2. HP: 13/18 MP: 4/4
   587 | D:1      | HP: 5/18 [hobgoblin (1)]
   935 | D:1      | You fall through a shaft!
   938 | D:2      | Reached skill level 2 in Maces & Flails
   938 | D:2      | Reached XP level 3. HP: 16/23 MP: 5/5
  1561 | D:2      | Reached XP level 4. HP: 28/28 MP: 6/6
  1780 | D:2      | Reached skill level 3 in Maces & Flails
  2081 | D:3      | Found a stormy altar of Qazlal.
  2081 | D:3      | Found a deep blue altar of Sif Muna.
  2082 | D:3      | Found a bloodstained altar of Trog.
  2086 | D:3      | Reached skill level 3 in Dodging
  2090 | D:3      | --I could try newsif I guess
  2091 | D:3      | Became a worshipper of Sif Muna the Loreminder
  2577 | D:3      | Found a glowing golden altar of the Shining One.
  2993 | D:4      | Reached XP level 5. HP: 22/33 MP: 7/7
  3117 | D:4      | Reached skill level 4 in Maces & Flails
  3290 | D:4      | Found a staircase to the Ecumenical Temple.
  3380 | D:4      | Reached XP level 6. HP: 20/38 MP: 8/8
  3592 | D:4      | Reached skill level 5 in Maces & Flails
  3818 | D:4      | Reached skill level 4 in Dodging
  4266 | D:5      | Entered Level 5 of the Dungeon
  4339 | D:5      | Reached XP level 7. HP: 33/43 MP: 9/9
  4704 | D:5      | Found a burning altar of Makhleb.
  4750 | D:5      | Reached skill level 6 in Maces & Flails
  4978 | D:5      | HP: 11/43 [centaur (8)]
  4980 | D:5      | HP: 4/43 [jackal (3)]
  4981 | D:5      | Mangled by a centaur

Vault maps used:
D:1:      dpeg_arrival_central, st_stairs_10
D:3:      tso_metal_star, gammafunk_temple_overflow_claw, first_bread,
          minivault_25
D:5:      lemuel_crystal_altar, serial_aquarium, aquarium_bridge_square,
          aquarium_bridge_square, aquarium_window_corner,
          aquarium_window_corner, aquarium_window_corridor_1, aquarium_window_1,
          aquarium_view_2b, aquarium_view_2d

Action                   |  1- 3 |  4- 6 |  7- 9 || total
-------------------------+-------+-------+-------++-------
Melee: Hunting sling     |    35 |       |       ||    35
       Constrict         |    18 |    23 |    11 ||    52
       Tentacles         |    13 |    19 |     9 ||    41
       Short sword       |    10 |       |       ||    10
       Mace              |    16 |   107 |     6 ||   129
       Flail             |       |       |    46 ||    46
 Fire: Hunting sling     |     4 |       |       ||     4
Throw: Stone             |       |    10 |     4 ||    14
Evoke: Wand              |     9 |     4 |     4 ||    17
  Use: Scroll            |     2 |       |       ||     2
       Potion            |       |       |     2 ||     2
 Stab: Sleeping          |     5 |     1 |       ||     6
  Eat: Chunk             |     2 |     9 |     2 ||    13
Armor: Skin              |    19 |     6 |     2 ||    27
Dodge: Dodged            |    62 |    65 |    46 ||   173

Skill      XL: |  1  2  3  4  5  6  7 |
---------------+----------------------+-----
Maces & Flails | 1 2 3 4 5 6 |  6.5
Dodging        | 3 4 |  4.9
Fighting       | |  1.2
Short Blades   | |  1.0
Stealth        | |  1.3
Evocations     | |  3.2
